 Dungeon Crawl Stone Soup version 0.25-a0-294-gea9b1ad378 (webtiles) character file.

Game seed: 1265422877373505695, levelgen mode: classic

48 Borgoz the Cudgeler (level 3, -2/24 HPs)
             Began as a Gargoyle Berserker on Dec 17, 2019.
             Was a Believer of Trog.
             Slain by Sigmund
             ... wielding a +3 scythe
              (13 damage)
             ... on level 2 of the Dungeon.
             The game lasted 00:01:59 (1099 turns).

Borgoz the Cudgeler (Gargoyle Berserker)            Turns: 1099, Time: 00:01:59

Health: -2/24      AC:  7    Str: 18    XL:     3   Next: 72%
Magic:  3/3        EV: 12    Int:  7    God:    Trog [**....]
Gold:   60         SH:  0    Dex: 10    Spells: 2/2 levels left

rFire    + . .     SeeInvis .   a - +0 mace
rCold    . . .     Gourm    .   (no shield)
rNeg     + . .     Faith    .   b - +0 animal skin
rPois    ∞         Spirit   .   (helmet restricted)
rElec    +         Reflect  .   g - +1 cloak
rCorr    .         Harm     .   (no gloves)
MR       .....                  (no boots)
Stlth    +.........             (no amulet)
HPRegen  0.08/turn              d - ring of flight
MPRegen  0.08/turn              (no ring)

@: no status effects
A: beak, fire resistance 1, negative energy resistance 1, electricity
resistance, weak 1, unbreathing, petrification resistance, rot immunity, AC +3
a: Berserk, Trog's Hand, Renounce Religion, Evoke Flight


You were on level 2 of the Dungeon.
You worshipped Trog.
Trog was pleased with you.
You were hungry.

You visited 1 branch of the dungeon, and saw 2 of its levels.

You collected 60 gold pieces.

Inventory:

Hand Weapons
 a - a +0 mace (weapon)
Armour
 b - a +0 animal skin (worn)
 g - a +1 cloak (worn)
Jewellery
 d - a ring of flight (left hand)
 m - a +2 ring of evasion {unknown}
 n - an uncursed ring of protection from magic {unknown}
Scrolls
 e - a scroll of fog {unknown}
 f - 3 scrolls of blinking {unknown}
 l - 4 scrolls of identify {unknown}
 p - a scroll of remove curse {unknown}
 q - a scroll of teleportation {unknown}
Potions
 j - a potion of might {unknown}
 k - a potion of magic {unknown}
 o - a potion of curing {unknown}
Comestibles
 c - 3 rations
 h - 3 chunks of flesh


   Skills:
 + Level 3.6 Fighting
 * Level 3.7 Maces & Flails
 + Level 2.8 Armour
 + Level 2.0 Dodging


You had 2 spell levels left.
You didn't know any spells.
Your spell library was empty.

Dungeon Overview and Level Annotations

Branches:
Dungeon (2/15)

Altars:
Nemelex Xobeh

Annotations:
D:2 Sigmund


Innate Abilities, Weirdness & Mutations

You are resistant to torment.
Your stone body is resilient. (AC +3)
You are immune to poison.
You resist negative energy. (rN+)
You are resistant to electric shocks. (rElec)
You can survive without breathing.
You are immune to petrification.
You are immune to rotting.
You have a beak for a mouth.
Your flesh is heat resistant. (rF+)
You are weak. (Str -2)


Message History

You're too confused to move!
You feel less confused. Sigmund barely misses you.
The adder closely misses you.
You hit the adder.
The adder is severely wounded.
The adder bites you but does no damage.
Sigmund gestures wildly while chanting.
Sigmund flickers and vanishes!
Deactivating autopickup; reactivate with Ctrl-A.
The adder closely misses you.
You are feeling hungry.
You hit the adder.
You kill the adder!
Trog accepts your kill.
A magic dart appears from out of thin air!
The magic dart hits you!
Unknown command.
Something hits you!
Ouch! That really hurt!
You die...

#.####
#...)######
........#......#
#######...####.#
##.## #.# #.#
#.# #.# #.# #.#
#.### #.# #†@{#
#........?..%#
#.#####.####.#
.# .. #.# .# .#


There were no monsters in sight!

Vanquished Creatures
  An adder (D:2)
  A worm (D:2)
  2 dart slugs (D:1)
  A leopard gecko (D:1)
  5 goblins
  3 hobgoblins
  6 jackals (D:1)
  4 bats (D:1)
  2 frilled lizards (D:1)
  3 kobolds
  A rat (D:1)
29 creatures vanquished.

Notes
Turn   | Place    | Note
-------+----------+-------------------------------------------
     0 | D:1      | Borgoz the Gargoyle Berserker began the quest for the Orb.
     0 | D:1      | Reached XP level 1. HP: 14/14 MP: 1/1
    56 | D:1      | Reached XP level 2. HP: 2/19 MP: 2/2
   502 | D:1      | Reached XP level 3. HP: 20/23 MP: 3/3
   726 | D:1      | Reached ** piety under Trog
  1040 | D:2      | Found a sparkling altar of Nemelex Xobeh.
  1091 | D:2      | Noticed Sigmund
  1093 | D:2      | Gained mutation: You are partially covered in large bone
                  | plates. (SH +4) [potion of mutation]
  1093 | D:2      | Gained mutation: You are clumsy. (Dex -2) [potion of
                  | mutation]
  1093 | D:2      | Gained mutation: You do not regenerate when monsters are
                  | visible. [potion of mutation]
  1093 | D:2      | Gained mutation: You are partially covered in yellow
                  | scales. (AC +2) [potion of mutation]
  1094 | D:2      | Lost mutation: You are clumsy. (Dex -2) [potion of
                  | mutation]
  1094 | D:2      | Lost mutation: You are partially covered in yellow scales.
                  | (AC +2) [potion of mutation]
  1094 | D:2      | Lost mutation: You are partially covered in large bone
                  | plates. (SH +4) [potion of mutation]
  1094 | D:2      | Lost mutation: You do not regenerate when monsters are
                  | visible. [potion of mutation]
  1094 | D:2      | Gained mutation: You are weak. (Str -2) [potion of
                  | mutation]
  1094 | D:2      | Gained mutation: You have a beak for a mouth. [potion of
                  | mutation]
  1094 | D:2      | Gained mutation: Your flesh is heat resistant. (rF+)
                  | [potion of mutation]
  1099 | D:2      | Slain by Sigmund

Levels and vault maps discovered:
D:1:      psy_arrival_fountain, layout_basic
D:2:      layout_loops_ring, first_ration, nemelex_lonely_heart_becter,
          uniq_sigmund

Skill      XL: |  1  2  3 |
---------------+----------+-----
Dodging        | 2 |  2.0
Fighting       | |  3.6
Maces & Flails | |  3.7
Armour         | |  2.8

Action                   || total
-------------------------++-------
Melee: Mace              ||    94
Invok: Berserk           ||     1
  Use: Potion            ||     2
  Eat: Chunk             ||     1
Armor: Animal skin       ||    32
Dodge: Dodged            ||    79

Table legend:
 A = Non-vault XP
 B = Vault XP
 C = Vault XP percentage of total XP
 D = Non-vault monster count
 E = Vault monster count
 F = Vault count percentage of total count
                 A         B        C        D         E       F
            +---------+---------+-------+---------+---------+-------
      Total |      69 |       0 |   0.0 |      29 |       0 |   0.0
            +---------+---------+-------+---------+---------+-------
        D:1 |      45 |       0 |   0.0 |      23 |       0 |   0.0
        D:2 |      24 |       0 |   0.0 |       6 |       0 |   0.0
            +---------+---------+-------+---------+---------+-------
